cohdb
Replays
Latest Replays
All Replays
Popular Replays
Top Player Replays
Match Explorer
How It Works
Community
CoH3 Stats
Reddit
Sign in to upload your games and track your stats! →
Sign in with Steam
Match 45096834
Unlisted
Match 45096834
Overview
Messages
Build Orders
End
Scout Squad
Construct Barracks
Riflemen Squad
Riflemen Squad
Riflemen Squad
Selects Airborne Battlegroup
Selects Heavy Machine Gun Paradrop
Heavy Machine Gun Paradrop
Infantry Support Center
Advanced Logistics
Selects Paratrooper Squad Paradrop
Pixel
Frodosynthesis
Chicken
Qhunter
AfroNinja
mayomeyo
0
0
Comments
sign in to comment!
No comments posted yet!